Cogmind - Beta 10.2 @@@ ROGUE MODE // 2020.12.16 @ 05:27:20 Player: WeirdFoe Result: Destroyed by as-84771 with Assembled Rifle Performance ------------- Evolutions (0) 0 Regions Visited (2) 400 Robots Destroyed (0) 0 Value Destroyed (0) 0 Prototype IDs (0) 0 Alien Tech Used (0) 0 Bonus (0) 0 TOTAL SCORE: 400 Bonus ------- None Cogmind --------- Core Integrity 0/250 Matter 214/300 Energy 21/100 System Corruption 0% Temperature Cool (0) Movement Flying (37) Location -10/Mines Parts ------- > --- POWER (1) -------- (None) > --- PROPULSION (2) --- Flight Unit Flight Unit > --- UTILITY (2) ------ Small Storage Unit ECM Suite > --- WEAPON (2) ------- (None) > --- INVENTORY (6) ---- Large Matter Pod (0) Peak State ------------ > --- POWER ------------ Ion Engine > --- PROPULSION ------- Compact Wheel Compact Wheel > --- UTILITY ---------- Small Storage Unit ECM Suite > --- WEAPON ----------- (None) > --- INVENTORY -------- Light Ion Engine Large Matter Pod EM Pulse Gun [Rating: 5] Favorites ----------- Power Ion Engine Engine Ion Engine Propulsion Compact Wheel Wheel Compact Wheel Flight Unit Flight Unit Utility Small Storage Unit Device Sensor Array Storage Small Storage Unit Weapon Assault Rifle Ballistic Gun Assault Rifle Build | -11 -10 -10 ------- Run | Scr Mat Min Slots Evolved . | . . . Power . | . . . Propulsion . | . . . Utility . | . . . Weapon . | . . . Parts Attached 10 | 4 2 4 Power 2 | 1 . 1 Engine 2 | 1 . 1 Core . | . . . Reactor . | . . . Propulsion 4 | 1 1 2 Treads . | . . . Leg . | . . . Wheel 2 | 1 1 . Hover . | . . . Flight 2 | . . 2 Utility 3 | 1 1 1 Device 2 | . 1 1 Storage 1 | 1 . . Processor . | . . . Hackware . | . . . Protection . | . . . Artifact . | . . . Weapon 1 | 1 . . Energy Gun . | . . . Energy Cannon . | . . . Ballistic Gun 1 | 1 . . Ballistic Cannon . | . . . Launcher . | . . . Special Weapon . | . . . Impact Weapon . | . . . Slashing Weapon . | . . . Piercing Weapon . | . . . Special Melee Weapon . | . . . Unidentified Prototypes . | . . . Parts Lost 4 | . 1 3 Power 2 | . . 2 Propulsion 1 | . . 1 Utility 1 | . 1 . Weapon . | . . . Highest Loss Streak 2 | . 1 2 Average Slot Usage (%) 58 | . 55 61 Engine 13 | . 14 11 Wheel 17 | . 14 21 Device 13 | . 12 14 Storage 14 | . 14 14 Naked Turns . | . . . Heaviest Build 10 | 9 10 10 Greatest Support 32 | 16 32 32 Greatest Overweight (x) 1 | . . 1 Average Overweight (x) . | . . . Largest Inventory Capacity 6 | 6 6 6 Average Capacity 5 | 5 6 6 Most Carried 6 | 5 6 4 Average Carried 3 | 3 5 1 Final Capacity 6 | 6 6 6 Final Carried 5 | 5 4 1 Class Distribution -------------------- 100% | Mutant Dominant Class ---------------- Mutant | -10/Materials Mutant | -10/Mines Resources | -11 -10 -10 ----------- Run | Scr Mat Min Matter Collected 181 | 181 . . Remotely . | . . . Salvage Created . | . . . Parts . | . . . Haulers Intercepted . | . . . Recyclers Shooed . | . . . Parts Field Recycled . | . . . Retrieved Matter . | . . . Parts Self-Destructed . | . . . Prevented . | . . . Kills | -11 -10 -10 ------- Run | Scr Mat Min Combat Hostiles Destroyed . | . . . Classes Destroyed . | . . . Best Kill Streak . | . . . Combat Bots Only . | . . . Max Kills in Single Turn . | . . . Gunslinging . | . . . Exploded . | . . . Melee . | . . . Uniques/NPCs Destroyed . | . . . Combat | -11 -10 -10 -------- Run | Scr Mat Min Damage Taken 478 | . 203 275 Core 253 | . 74 179 Absorbed by Shields . | . . . Core Remaining (%) 100 | 100 . . Volleys Fired . | . . . Largest . | . . . Hottest . | . . . Shots Fired . | . . . Gun . | . . . Cannon . | . . . Launcher . | . . . Special . | . . . Kinetic . | . . . Thermal . | . . . Explosive . | . . . Electromagnetic . | . . . Robot Hit Streak . | . . . Robot Miss Streak . | . . . Penetration Max . | . . . Secondary Targets . | . . . Shots Hit Robots . | . . . Core Hits 2 | . 2 . Critical Hits . | . . . Critical Kills . | . . . Critical Parts Destroyed . | . . . Melee Attacks . | . . . Impact . | . . . Slashing . | . . . Piercing . | . . . Sneak Attacks . | . . . Combat Hostiles . | . . . Follow-up Attacks . | . . . Damage Inflicted 11 | . 11 . Guns . | . . . Cannons . | . . . Explosions . | . . . Melee . | . . . Ramming 11 | . 11 . Kinetic . | . . . Thermal . | . . . Explosive . | . . . Electromagnetic . | . . . Impact . | . . . Slashing . | . . . Piercing . | . . . Highest Corruption . | . . . Average Corruption . | . . . Corruption Purged . | . . . Overload Shots . | . . . Overflow Damage . | . . . Projectiles . | . . . Explosions . | . . . Melee . | . . . Knockbacks . | . . . Impact . | . . . Kinetic . | . . . Secondary . | . . . Self-Inflicted Damage 4 | . 4 . Shots . | . . . Rammed 4 | . 4 . Targets Rammed 4 | . 4 . Kicked . | . . . Crushed . | . . . Highest Temperature . | . . . Average Temperature . | . . . Received Heat Transfer 117 | . 117 . Siege Activations . | . . . Robots Corrupted . | . . . Combat Hostiles . | . . . Parts Fried . | . . . Impact Corruptions . | . . . Robots Melted . | . . . Combat Hostiles . | . . . Parts Melted . | . . . Heat Transferred . | . . . Parts Sabotaged . | . . . Parts Stolen . | . . . Parts Stripped . | . . . Power Chain Reactions . | . . . Missiles Intercepted . | . . . Alert | -11 -10 -10 ------- Run | Scr Mat Min Peak Influence 125 | . 125 73 Initial 48 | . . 48 Average 36 | . 31 55 Maximum Alert Level . | . . . Low Security (%) 100 | 100 100 100 Level 1 . | . . . Level 2 . | . . . Level 3 . | . . . Level 4 . | . . . Level 5 . | . . . High Security . | . . . Max Security . | . . . Squads Dispatched 1 | . 1 . Investigation . | . . . Extermination . | . . . Reinforcement 1 | . 1 . Assault . | . . . Garrison . | . . . Intercept . | . . . Construction Impeded . | . . . Haulers Reinforced . | . . . Stealth | -11 -10 -10 --------- Run | Scr Mat Min Distress Signals 1 | . 1 . Communications Jammed . | . . . Distress Signals . | . . . Times Spotted 22 | . 9 13 Peak Tracking Total 7 | . 5 7 Tactical Retreats 6 | . 3 3 Traps | -11 -10 -10 ------- Run | Scr Mat Min Traps Triggered . | . . . Indirectly . | . . . Trap Hack Attempts . | . . . Triggered . | . . . Disarmed . | . . . Reprogrammed . | . . . Reused . | . . . Traps Extracted . | . . . Installed . | . . . Triggered . | . . . Machines | -11 -10 -10 ---------- Run | Scr Mat Min Machines Disabled . | . . . Max in Single Turn . | . . . Machines Sabotaged . | . . . Garrisons Compromised . | . . . Overloaded Fab Kills . | . . . Fab Network Shutdowns . | . . . Hacking | -11 -10 -10 --------- Run | Scr Mat Min Machines Accessed . | . . . Terminals . | . . . Fabricators . | . . . Repair Stations . | . . . Recycling Units . | . . . Scanalyzers . | . . . Garrison Access . | . . . Total Hacks . | . . . Successful . | . . . Failed . | . . . Catastrophic . | . . . Database Lockouts . | . . . Manual . | . . . Terminals . | . . . Fabricators . | . . . Repair Stations . | . . . Recycling Units . | . . . Scanalyzers . | . . . Garrison Access . | . . . Terminal Hacks . | . . . Fabricator Hacks . | . . . Repair Station Hacks . | . . . Recycling Unit Hacks . | . . . Scanalyzer . | . . . Garrison Access Hacks . | . . . Unauthorized Hacks . | . . . Terminals . | . . . Fabricators . | . . . Repair Stations . | . . . Recycling Units . | . . . Scanalyzers . | . . . Garrison Access . | . . . Data Cores Recovered . | . . . Used . | . . . Hacking Detections . | . . . Full Trace Events . | . . . Feedback Events . | . . . Feedback Blocked . | . . . Robot Schematics Acquired . | . . . Robots Built . | . . . Matter . | . . . Time . | . . . Total Robot Build Rating . | . . . Part Schematics Acquired . | . . . Parts Built . | . . . Matter . | . . . Time . | . . . Total Part Build Rating . | . . . Parts Repaired . | . . . Time . | . . . Parts Recycled . | . . . Recycled Matter . | . . . Retrieved Matter . | . . . Retrieved Components . | . . . Parts Scanalyzed . | . . . Part Schematics Acquired . | . . . Parts Damaged . | . . . Bothacking | -11 -10 -10 ------------ Run | Scr Mat Min Used RIF Installer . | . . . Robots Hacked . | . . . Non-combat . | . . . Combat . | . . . Robot Hacks Applied . | . . . Relay Couplers Released . | . . . Robots Rewired . | . . . Allies Hacked . | . . . Hacks Repelled . | . . . Allies | -11 -10 -10 -------- Run | Scr Mat Min Total Allies . | . . . Largest Group . | . . . Highest-Rated Group . | . . . Highest-Rated Ally . | . . . Total Orders . | . . . Ally Attacks . | . . . Total Damage . | . . . Kills . | . . . Allies Corrupted . | . . . Allies Melted . | . . . Intel | -11 -10 -10 ------- Run | Scr Mat Min Robot Analysis Total . | . . . Derelict Logs Recovered 1 | . . 1 Drone Launches . | . . . Drone Recoveries . | . . . Exploration | -11 -10 -10 ------------- Run | Scr Mat Min Turns Passed 496 | 45 280 171 Spaces Moved 432 | 36 240 156 Core 3 | 3 . . Treads . | . . . Legs . | . . . Wheels 428 | 33 240 155 Hover . | . . . Flight 1 | . . 1 Fastest Speed 50 | 50 100 100 Average Speed 99 | 95 100 100 Slowest Speed 125 | 100 100 125 Overloaded Moves . | . . . Propulsion Burnouts . | . . . Robots Hopped . | . . . Cave-ins Triggered . | . . . Exploration Rate (%) 30 | 3 45 43 Regions Visited 2 Branch Regions 1 Pre-discovered Areas . | . . . Known Exits Taken . | . . . Unknown Exits Taken 2 | 1 1 . Scrap Searched . | . . . Spaces Dug . | . . . Terrain Destroyed . | . . . Melee . | . . . Projectile . | . . . AOE . | . . . Terrain Rammed . | . . . Walls Destroyed . | . . . Machines Disabled . | . . . Actions | -11 -10 -10 --------- Run | Scr Mat Min Total 497 | 45 280 172 Wait 39 | . 31 8 Move 430 | 35 239 156 Hop . | . . . Pick Up 8 | 5 2 1 Fast Attach 6 | 3 1 2 Attach 4 | 1 1 2 Detach 1 | 1 . . Swap . | . . . Drop 5 | . 2 3 Fire . | . . . Melee . | . . . Ram 4 | . 4 . Kick . | . . . Crush . | . . . Escape Stasis . | . . . Rewire . | . . . Trap . | . . . Miscellaneous . | . . . Route ------- -11/Scrapyard -10/Materials -10/Mines History --------- Turn | Location | Event 21 | -11/Scrapyard | Discovered new exit (range 16) 46 | -11/Scrapyard | Entered Materials 314 | -10/Materials | Discovered new exit (range 13) 326 | -10/Materials | Entered Mines 327 | -10/Mines | YI-UF0 nonchalantly dropped a Grenade Launcher on the ground 338 | -10/Mines | Learned Materials terminal intel 362 | -10/Mines | Build established: Mutant 458 | -10/Mines | Core integrity fell below 50% 466 | -10/Mines | Assembled infested the area 471 | -10/Mines | Assisted by a Guerilla fighting off Assembled 482 | -10/Mines | Core integrity fell below 20% 497 | -10/Mines | Destroyed by as-84771 with Assembled Rifle Last Messages --------------- Data stored: Materials terminal intel. 00340_ YI-UF0 mumbles something. 00340_ Dropped Grenade Launcher. 00341_ Dropped EM Pulse Gun. 00364_ K-01 Serf collects debris. 00419_ Com. Wheel destroyed. 00421_ Ion Engine destroyed. 00431_ S-10 Pest destroyed. 00466_ ALERT: Infestation in the mines, dispatching Demolisher response squad. 00466_ Lgt. Ion Engine destroyed. 00469_ PS-CSI(h): "I'll hold them off! Go on ahead or try to find another way!" 00471_ A derelict emerges from the shadows: "You need to get out of here! I've been tracking a group of Assembled to figure out where they're coming from, and they're closing on this area, come on!" 00493_ R-06 Scavenger collects Lgt. Assault Rifle. 00494_ Acquired Flight Unit. 00496_ Dropped Com. Wheel. 00497_ Acquired Flight Unit. Map ----- +----------------------------------------------------+ | ?????????????????????????????????????????????????? | | ?????????????????????????????????????????????????? | | ?????????????????????????????????????????????????? | | ?????????????????????????????????????????????????? | | ?????????????????????????????????????????????????? | | ?????????????????????????????????????????????????? | | ?????????????????????????????????????????????????? | | ?????????????????????????????????????????????????? | | ?????????????????????????????????????????????????? | | ?????????????????????????????????????????????????? | | ?????????????????????????????????????????????????? | | ?????????????????????????????????????????????????? | | ?????????????????????????????????????????????????? | | ????????????????????????????######???????????????? | | ???????????????????????????## ##??????????????? | | ?????????????????????####### ##?????????????? | | ????????????????????## ## ## #??????????? | | ????????????????????# #??????????? | | ????????????????????# ###????????????? | | ????????????? ### ##??????????????? | | ??????????? #######?# #???????????????? | | ??????????? #?????#### #???????????????? | | ??????????? #######?????## aa ##??????????????? | | ???????????????????????### taa ##?????????????? | | ???????????????????##### % a #?????????????? | | ??????????????????## %@[ #?????????????? | | ?????????????????## r = #?????????????? | | ????????????????## ### #?????????????? | | ????????????????# ## #?########?????????????? | | ????????????????## ### ##??????????????????????? | | ?????????????????# #?####???????????????????????? | | ?????????????????# #????????????????????????????? | | ?????????????????# #????????????????????????????? | | ????????????????## ###??????????????????????????? | | ???????????????## ##?????????????????????????? | | ???????????????# #?????????????????????????? | | ???????????????# #?????????????????????????? | | ??????????????## ##?????????????????????????? | | ?????????????## #??????????????????????????? | | ????????????## """ ##????? ???????????????????? | | ???????????## """ ## ???????????????????? | | ???????????# """ ??????????????????? | | ???????????# #???????????????????????? | | ???????????# ### ##???????????????????????? | | ???????????## #####??###????????????????# ??????? | | ????????????## #?????????????????????#### ????? | | ?????????????# #????????????????????# ????? | | ?????????????# #???????????????????# ?????? | | ?????????????# #??????????????????# ??????? | | ?????????????# ####?????????????## ???????? | +----------------------------------------------------+ Best States ------------- Heat Dissipation 25 Energy Generation 10 Energy Capacity 250 Matter Stores 249 Matter Capacity 300 Sight Range 16 Robot Scan Range 10 Terrain Scan Density 10 ECM Strength 1 Evasion (%) 40 Item Schematics ----------------- None Robot Schematics ------------------ None Fabricated ------------ Nothing Alien Tech Used ----------------- None Achievements -------------- None Challenges ------------ None Game ------ Seed DecoyScatterRifle Manual? 0 Play Time 00:08:53 Cumulative 19.4 hours Start 2020.12.16 @ 05:20:11 End 2020.12.16 @ 05:27:20 Sessions 1 Manual Loads 0 Difficulty Rogue Special Mode None Game No. 56 Rogue 56 Adventurer 0 Explorer 0 Win Type - Total 0 Types 0/0/0/0/0/0/0/0/0 Lore% 20 Gallery% 31 Achievement% 21 Wizard Run 0 Options --------- ASCII 0 Keyboard 0 Movement Numpad Keybinds 0 Fullscreen 1 Font 18/Terminus Map View 76x50 Tactical HUD 1 Map Filters NONE Filters NONE Steam 1 RUN: 7e705b9b-4107-4b62-8fbf-2e83bb158df7